 Dungeon Crawl Stone Soup version 0.29.1 (webtiles) character file.

Game seed: 16063813482267509417

569 Hubris850 the Skirmisher (level 7, -2/38 HPs)
             Began as a Deep Elf Hunter on Sept 13, 2022.
             Slain by a black bear (3 damage)
             ... on level 4 of the Dungeon.
             The game lasted 00:11:25 (3888 turns).

Hubris850 the Skirmisher (Deep Elf Hunter)          Turns: 3888, Time: 00:11:26

Health: -2/38      AC:  6    Str:  8    XL:     7   Next: 11%
Magic:  14/15      EV: 12    Int: 16    God:
Gold:   171        SH:  0    Dex: 18    Spells: 15/15 levels left

rFire   . . .      SeeInvis .   a - +0 shortbow
rCold   . . .      Faith    .   (shield currently unavailable)
rNeg    . . .      Spirit   .   c - +0 leather armour
rPois   .          Reflect  .   (no helmet)
rElec   .          Harm     .   h - +0 cloak
rCorr   .          Rampage  .   m - +0 pair of gloves
Will    +....                   s - +0 pair of boots
Stlth   +++.......              (no amulet)
HPRegen 0.12/turn               C - ring of willpower
MPRegen 0.14/turn               D - ring of flight

@: flying
A: no striking features
a: no special abilities


You were on level 4 of the Dungeon.
You visited 1 branch of the dungeon, and saw 4 of its levels.

You collected 171 gold pieces.

Inventory:

Hand Weapons
 a - a +0 shortbow (weapon)
 b - a +4 spear
 j - a +0 dagger
 l - a +2 mace of protection
 n - a +0 short sword
Missiles
 q - 19 poisoned darts
Armour
 c - a +0 leather armour (worn)
 h - a +0 cloak (worn)
 m - a +0 pair of gloves (worn)
 s - a +0 pair of boots (worn)
 B - the +0 scale mail of the Candlemaker {*Slow Fly rC+++ Int+3}
   (You found it on level 4 of the Dungeon)

   Int:       It affects your intelligence (+3).
   rC:        It renders you almost immune to cold.
   Fly:       It grants you flight.
   *Slow:     It may slow you when you take damage.
Jewellery
 C - a ring of willpower (left hand)
 D - a ring of flight (right hand)
 E - a +6 ring of dexterity
Wands
 F - a wand of quicksilver (9)
Scrolls
 g - a scroll of immolation
 i - a scroll of butterflies
 w - a scroll of blinking
 y - a scroll of enchant weapon {unknown}
 A - a scroll of identify
 G - a scroll of poison {unknown}
Potions
 d - 2 potions of brilliance {unknown}
 e - a potion of attraction
 f - a potion of curing
 k - 5 potions of might {unknown}
 o - 3 potions of lignification {unknown}
 p - a potion of heal wounds
 r - a potion of resistance {unknown}
 t - 2 potions of degeneration {unknown}
 u - 3 potions of flight {unknown}
 x - a potion of berserk rage {unknown}
 z - a potion of ambrosia {unknown}


   Skills:
 - Level 1.5 Fighting
 + Level 9.4 Ranged Weapons
 - Level 2.4 Dodging
 - Level 4.0 Stealth
 + Level 4.6 Spellcasting


You had 15 spell levels left.
You didn't know any spells.
Your spell library was empty.

Dungeon Overview and Level Annotations

Branches:
Dungeon (4/15)
 Temple: D:4-7

Altars:
Zin

Shops:
D:2 [(

Annotations:
D:2 Robin


Message History

Menkaure is almost destroyed.
Your surroundings suddenly seem different.
Found a potion of heal wounds.
A hound comes into view.
You start resting.
There are monsters nearby!
Fire: a) +0 shortbow
Press: ? - help, Q - select action, (/) - cycle Shift-Dir - straight line, f/p - Menkaure
Aim: Menkaure (almost destroyed, 78% to hit)
You shoot an arrow. The black bear growls angrily.
The arrow hits Menkaure.
You destroy Menkaure!
You hear a bark!
Your Spellcasting skill increases to level 4!
You have reached level 7!
You shoot an arrow. The arrow hits the black bear!
The black bear is heavily wounded.
You shoot an arrow. The arrow hits the black bear.
The black bear is severely wounded.
You shoot an arrow. The arrow barely misses the black bear.
You shoot an arrow. The arrow barely misses the black bear.
You shoot an arrow. The arrow closely misses the hound.
The hound closely misses you.
The black bear goes berserk!
The hound bites you.
You shoot an arrow.
The arrow hits the hound but does no damage.
The hound barely misses you. The black bear bites you.
The black bear closely misses you. The black bear barely misses you.
You are too injured to fight recklessly!
Fire: a) +0 shortbow
Press: ? - help, Q - select action, (/) - cycle Shift-Dir - straight line, f/p - hound
Aim: a hound (56% to hit)
You shoot an arrow. The arrow hits the hound.
The hound is lightly wounded.
The hound barely misses you. The black bear bites you!
* * * LOW HITPOINT WARNING * * *
The black bear claws you.
* * * LOW HITPOINT WARNING * * *
The black bear claws you.
You die...

##!.. #M# #.#
#......r...h#
#>## #..
...M#####
#..# #.# ..
#... #.# #.#.
#.# #.## #.#
#.## #h# #.#
#@# #.#
#h####.h. #.#
#........ ...
######...


You could see a black bear (berserk) and a hound.

Vanquished Creatures
  Menkaure (D:4)
  An ice beast (D:4)
  An ogre (D:3)
  A necrophage (D:4)
  A scorpion (D:3)
  A hound (D:3)
  An iguana (D:4)
  A gnoll (D:2)
  5 adders
  2 worms
  4 dart slugs
  3 orcs
  3 bats (D:1)
  10 endoplasms
  3 giant cockroaches
  10 goblins
  9 hobgoblins
  5 jackals (D:2)
  2 quokkas
  5 ball pythons
  A frilled lizard (D:3)
  8 kobolds
  2 rats (D:1)
80 creatures vanquished.

Notes
Turn   | Place    | Note
-------+----------+-------------------------------------------
     0 | D:1      | Hubris850 the Deep Elf Hunter began the quest for the Orb.
     0 | D:1      | Reached XP level 1. HP: 12/12 MP: 3/3
   332 | D:1      | Reached XP level 2. HP: 16/16 MP: 4/4
   575 | D:1      | Reached skill level 6 in Ranged Weapons
   575 | D:1      | Reached XP level 3. HP: 20/20 MP: 5/5
   781 | D:2      | Found Guroosuc's Armour Boutique.
  1231 | D:2      | Found Qeanupon's Weapon Boutique.
  1379 | D:2      | Reached XP level 4. HP: 9/25 MP: 6/6
  1848 | D:3      | Noticed an ogre
  1851 | D:3      | Killed an ogre
  1852 | D:3      | Reached skill level 7 in Ranged Weapons
  1852 | D:3      | Reached XP level 5. HP: 29/29 MP: 7/7
  1888 | D:3      | Reached skill level 8 in Ranged Weapons
  1970 | D:3      | Noticed Robin
  2487 | D:3      | Reached skill level 1 in Spellcasting
  2993 | D:3      | Found a faded altar of an unknown god.
  3154 | D:3      | Reached XP level 6. HP: 34/34 MP: 9/11
  3293 | D:4      | Identified the +4 spear of the Loving Ancients {drain,
                  | Str+3 Int-4 SInv}
  3508 | D:4      | Identified the +0 scale mail of the Candlemaker {*Slow Fly
                  | rC+++ Int+3}
  3530 | D:4      | Found a glowing silver altar of Zin.
  3846 | D:4      | Noticed Menkaure
  3848 | D:4      | Noticed an ice beast
  3856 | D:4      | Killed an ice beast
  3857 | D:4      | Reached skill level 9 in Ranged Weapons
  3881 | D:4      | Killed Menkaure
  3882 | D:4      | Reached XP level 7. HP: 21/38 MP: 13/15
  3888 | D:4      | HP: 1/38 [black bear (5)]
  3888 | D:4      | Slain by a black bear

Illustrated notes

Levels and vault maps discovered:
D:1:      eino_arrival_cavern_c, layout_loops_ring, feat_on_display
D:2:      layout_loops_ring, serial_shops, shop, shop, roderic_roman_lattice,
          cheibrodos_gnoll_hut
D:3:      layout_basic, shapermc_ecumenical_altar_starsandcircs,
          chequers_serial_rivers_micro_b, uniq_robin
D:4:      layout_basic, zin_statuary, minmay_starry_boxes, uniq_menkaure

Skill      XL: |  1  2  3  4  5  6 |
---------------+-------------------+-----
Stealth        | 2 3 4 |  4.0
Ranged Weapons | 6 7 8 9 |  9.4
Spellcasting   | 2 4 |  4.6
Fighting       | |  1.5
Dodging        | |  2.4

Action                   |  1- 3 |  4- 6 |  7- 9 || total
-------------------------+-------+-------+-------++-------
 Fire: Shortbow          |    77 |   156 |     7 ||   240
Throw: Dart              |       |     2 |       ||     2
  Use: Scroll            |     3 |     6 |       ||     9
       Potion            |       |     2 |       ||     2
Armor: Leather armour    |     9 |    32 |       ||    41
Dodge: Dodged            |    13 |    58 |     5 ||    76
